 Dungeon Crawl Stone Soup version 0.31-a0-691-g409c26aa35 (webtiles) character file.

Game seed: 14570673068897540422

257 qw the Shooter (level 6, 0/38 HPs)
             Began as a Gargoyle Hunter on Sept 6, 2023.
             Slain by an orc
             ... wielding a +0 short sword
              (1 damage)
             ... on level 3 of the Dungeon.
             The game lasted 00:01:04 (2173 turns).

qw the Shooter (Gargoyle Hunter)                    Turns: 2173, Time: 00:01:05

Health: 0/38       AC: 12    Str: 14    XL:     6   Next: 16%
Magic:  6/6        EV: 15    Int: 10    God:
Gold:   205        SH:  0    Dex: 15    Spells: 5/5 levels left

rFire   + . .        Y - +1 shortbow
rCold   . . .        (shield currently unavailable)
rNeg    + . .        g - +0 ring mail
rPois   inf          (no helmet)
rElec   +            (no cloak)
rCorr   .            c - +2 pair of gloves {Stlth+}
SInv    .            (no boots)
Will    .....        (no amulet)
Stlth   ++           e - ring of protection from fire
HPRegen 0.26/turn    i - +5 ring of evasion
MPRegen 0.10/turn

%: no passive effects
@: no status effects
A: sickness immunity, AC +4, negative energy resistance 1, electricity
resistance, torment resistance 1, petrification resistance
a: no special abilities


You were on level 3 of the Dungeon.
You visited 1 branch of the dungeon, and saw 3 of its levels.

You collected 205 gold pieces.


Innate Abilities, Weirdness & Mutations

You are immune to sickness and miasma.
Your stone body is resilient. (AC +4)
You are immune to poison.
You resist negative energy. (rN+)
You are resistant to electric shocks. (rElec)
You are resistant to unholy torment.
You are immune to petrification.


   Skills:
 - Level 4.0 Fighting
 + Level 6.4 Ranged Weapons
 - Level 1.0 Armour
 - Level 1.5 Dodging
 - Level 1.1 Stealth


You had 5 spell levels left.
You didn't know any spells.
Your spell library was empty.

Inventory:

Hand Weapons
 Y - a +1 shortbow (weapon)
Armour
 c - a +2 pair of gloves of stealth (worn)
 g - a +0 ring mail (worn)
Jewellery
 e - a ring of protection from fire (left hand)
 i - a +5 ring of evasion (right hand)
Scrolls
 d - a scroll of vulnerability {unknown}
 h - a scroll of identify
Potions
 a - a potion of invisibility {unknown}
 f - a potion of haste
 k - a potion of curing {unknown}

Dungeon Overview and Level Annotations

Branches:
Dungeon (3/15)

Altars:

Annotations:
D:3 1 runed translucent door, Ijyb


Message History

The orc hits you with a +0 short sword.
You shoot an arrow.
The arrow closely misses the orc priest.
The orc hits you but does no damage.
The orc priest hits you but does no damage.
You shoot an arrow.
The arrow closely misses the orc priest.
The orc closely misses you. The orc priest closely misses you.
You shoot an arrow.
The arrow hits the orc priest but does no damage.
The orc priest is heavily wounded.
The orc closely misses you. The orc priest closely misses you.
You shoot an arrow.
The arrow closely misses the orc priest.
The orc hits you with a +0 short sword. The orc priest closely misses you.
You shoot an arrow. The arrow hits the orc priest.
The orc priest is severely wounded.
The orc barely misses you. The orc priest barely misses you.
The orc priest hits you with a +0 falchion.
The orc misses you.
You shoot an arrow. The arrow barely misses the orc priest.
The orc hits you but does no damage. The orc priest barely misses you.
You shoot an arrow.
The arrow hits the orc priest but does no damage.
The orc priest is severely wounded.
The orc hits you but does no damage. The orc priest closely misses you.
You shoot an arrow. The arrow hits the orc priest.
The orc priest is almost dead.
The orc closely misses you. The orc priest barely misses you.
You shoot an arrow. The arrow barely misses the orc priest.
The orc closely misses you. The orc priest closely misses you.
You shoot an arrow. The arrow barely misses the orc priest.
The orc hits you but does no damage.
The orc priest calls down the wrath of Beogh upon you.
Pain shoots through your body!
The orc priest mumbles some strange prayers to Beogh against you.
Beogh smites you! The orc closely misses you.
You shoot an arrow. The arrow barely misses the orc priest.
The orc hits you with a +0 short sword.
You die...

#..# #..# # # #..#
.# # #..# o. ..##
#..#### o. ....
#######..##.# .#
#.##
#........##@#..##.#
#
#..........oo.....#
#
#........##.#..##.#
#........##.##....
#........##.# .##.#
#######.###.# .# .#
.. #.# #.#
.##.###.. #.# #.#
........ #.# #.#
#......


You could see an orc priest and an orc.

Vanquished Creatures
  A scorpion (D:3)
  An orc wizard (D:3)
  5 adders
  4 gnolls (D:3)
  6 worms
  A dart slug (D:2)
  An orc (D:3)
  5 bats
  7 endoplasms
  A giant cockroach (D:2)
  5 goblins
  4 hobgoblins
  3 jackals (D:3)
  5 kobolds
  4 quokkas
  A ball python (D:1)
  3 frilled lizards
  9 rats
66 creatures vanquished.

Notes
Turn   | Place    | Note
-------+----------+-------------------------------------------
     0 | D:1      | qw the Gargoyle Hunter began the quest for the Orb.
     0 | D:1      | Reached XP level 1. HP: 12/12 MP: 1/1
     0 | D:1      | 0 ||| qw: Version: 0.3-a-76-g4403597
     0 | D:1      | 0 ||| qw: Game counter: 25
     0 | D:1      | 0 ||| qw: Melee chars always use a shield: true
     0 | D:1      | 0 ||| qw: God list: Okawaru
     0 | D:1      | 0 ||| qw: Allow faded altars: false
     0 | D:1      | 0 ||| qw: Do Orc after clearing Dungeon:15 true
     0 | D:1      | 0 ||| qw: Do second Lair branch before Depths: true
     0 | D:1      | 0 ||| qw: Lair rune preference: random
     0 | D:1      | 0 ||| qw: Goals: Normal
     0 | D:1      | 0 ||| PLANNING D:1-11
   145 | D:1      | Reached XP level 2. HP: 17/17 MP: 2/2
   749 | D:1      | 749 ||| UPGRADING to +0 ring mail.
   759 | D:1      | 759 ||| DROPPING +0 leather armour.
   760 | D:1      | 760 ||| UPGRADING to ring of protection from fire.
   761 | D:1      | 761 ||| READING scroll labelled YTREFF JIQOORY.
   762 | D:1      | 762 ||| READING scroll labelled FONGAU FACVOS.
   763 | D:1      | 763 ||| READING scroll labelled ACSETI SUOLAXE.
   764 | D:1      | 764 ||| DRINKING 2 fuming red potions.
   773 | D:1      | 773 ||| DROPPING scroll of butterflies.
   774 | D:1      | 774 ||| DROPPING potion of ambrosia.
   842 | D:2      | Reached XP level 3. HP: 21/21 MP: 3/3
   892 | D:2      | Reached skill level 1 in Armour
   974 | D:2      | Reached skill level 5 in Ranged Weapons
  1066 | D:2      | Reached XP level 4. HP: 27/27 MP: 4/4
  1304 | D:2      | Reached skill level 3 in Fighting
  1420 | D:2      | Identified the +2 scale mail "Xavvuril" {rPois rF++ Str+4}
  1598 | D:2      | 1598 ||| UPGRADING to +2 pair of gloves of stealth.
  1603 | D:2      | 1603 ||| UPGRADING to +5 ring of evasion.
  1604 | D:2      | 1604 ||| READING scroll labelled ZALYIG EPYSCH.
  1605 | D:2      | 1605 ||| READING 2 scrolls labelled PYK GUHAVEOPTI.
  1609 | D:2      | 1609 ||| READING scroll labelled MUSESHRA XURCHAH.
  1610 | D:2      | 1610 ||| READING 3 scrolls labelled ZACOT ZUBIATT.
  1611 | D:2      | 1611 ||| READING 2 scrolls of identify.
  1611 | D:2      | 1611 ||| IDENTIFYING sedimented blue potion
  1612 | D:2      | 1612 ||| DROPPING 2 scrolls of fog.
  1653 | D:3      | Noticed a scorpion
  1665 | D:3      | Killed a scorpion
  1666 | D:3      | Reached skill level 6 in Ranged Weapons
  1666 | D:3      | Reached XP level 5. HP: 32/32 MP: 5/5
  1674 | D:3      | Found a runed translucent door.
  1971 | D:3      | Noticed Ijyb
  1984 | D:3      | HP: 8/33 [Ijyb/+0 dagger (2)]
  1985 | D:3      | 1985 ||| READING scroll of teleportation.
  1985 | D:3      | Paralysed by Ijyb for 2 turns
  2005 | D:3      | Reached XP level 6. HP: 16/38 MP: 6/6
  2145 | D:3      | 2145 ||| Stepping ~*~*~tactically~*~*~ (outnumbered).
  2148 | D:3      | 2148 ||| Stepping ~*~*~tactically~*~*~ (outnumbered).
  2172 | D:3      | HP: 1/38 [orc priest/divine providence (16)]
  2173 | D:3      | Slain by an orc

Levels and vault maps discovered:
D:1:      amcnicky_arrival_choice, layout_loops_ring
D:2:      layout_basic, minmay_close_crescents
D:3:      layout_basic, xom_butterflies, nicolae_dithmenos_the_darkroom,
          ebering_ghost_sewer_f, dk_noncrumbling_4, uniq_ijyb

Skill      XL: |  1  2  3  4  5 |
---------------+----------------+-----
Armour         | 1 |  1.0
Ranged Weapons | 5 6 |  6.4
Fighting       | 3 4 |  4.0
Dodging        | |  1.5
Stealth        | |  1.1

Action                     |  1- 3 |  4- 6 || total
---------------------------+-------+-------++-------
   Fire: Shortbow          |   117 |   159 ||   276
    Use: Scroll            |     3 |     6 ||     9
         Potion            |     1 |       ||     1
 Armour: Leather armour    |    16 |       ||    16
         Ring mail         |    13 |    43 ||    56
  Dodge: Dodged            |    32 |    72 ||   104

Table legend:
 A = Non-vault XP
 B = Vault XP
 C = Vault XP percentage of total XP
 D = Non-vault monster count
 E = Vault monster count
 F = Vault count percentage of total count
                 A         B        C        D         E       F
            +---------+---------+-------+---------+---------+-------
      Total |     347 |      21 |   5.7 |      63 |       3 |   4.5
            +---------+---------+-------+---------+---------+-------
        D:1 |      31 |       0 |   0.0 |      20 |       0 |   0.0
        D:2 |      68 |      21 |  23.6 |      20 |       3 |  13.0
        D:3 |     248 |       0 |   0.0 |      23 |       0 |   0.0
            +---------+---------+-------+---------+---------+-------
